| TOP OF THE 1ST |
|
Oakland Athletics batting - Pitching for Los Angeles Dodgers : RHP Justin Scheithauer
|
|
Pitching: RHP Justin Scheithauer
|
|
|
Batting: RHB Randy Shrewsbury
|
0-0: Ball 1-0: Foul Ball, location: 2F 1-1: Foul Ball, location: 2F 1-2: Ball 2-2: Fly out, F7 (Line Drive, 7S, EV 86.9 MPH)
|
|
Batting: LHB R.J. O'Brien
|
0-0: Ball 1-0: Swinging Strike 1-1: Ball 2-1: Ball 3-1: Base on Balls
|
|
Batting: LHB Bob Branham
|
0-0: Called Strike 0-1: Ball 1-1: Swinging Strike 1-2: Grounds into double play, 3-6-1 (Groundball, 3, EV 103.8 MPH)
|
| Top of the 1st over - 0 runs, 0 hits, 0 errors, 0 left on base; Oakland 0 - Los Angeles 0 |
| BOTTOM OF THE 1ST |
|
Los Angeles Dodgers batting - Pitching for Oakland Athletics : RHP Corbin Schenn
|
|
Pitching: RHP Corbin Schenn
|
|
|
Batting: RHB Clay Buchanan
|
0-0: Foul Ball, location: 2F 0-1: Ball 1-1: Called Strike 1-2: Strikes out swinging
|
|
Batting: RHB Tim Nettles
|
0-0: Ball 1-0: DOUBLE (Popup, 34D, EV 48.1 MPH)
|
|
Batting: LHB Lirak Bazhunaishvili
|
0-0: Called Strike 0-1: Called Strike 0-2: Ball 1-2: Ball 2-2: Ball 3-2: Foul Ball, location: 2F 3-2: Strikes out swinging
|
|
Batting: LHB Chris Buchan
|
0-0: Ball 1-0: Foul Ball, location: 2F 1-1: Swinging Strike 1-2: Ball 2-2: Ground out 4-3 (Groundball, 4, EV 86.9 MPH)
|
| Bottom of the 1st over - 0 runs, 1 hit, 0 errors, 1 left on base; Oakland 0 - Los Angeles 0 |
| TOP OF THE 2ND |
|
Oakland Athletics batting - Pitching for Los Angeles Dodgers : RHP Justin Scheithauer
|
|
Batting: RHB Muneo Kawachi
|
0-0: Ball 1-0: Ball 2-0: Ball 3-0: Called Strike 3-1: Swinging Strike 3-2: SINGLE (Line Drive, 9S, EV 91.2 MPH)
|
|
Batting: LHB Tom Butterbaugh
|
0-0: Ball Muneo Kawachi steals 2nd base 1-0: Ball 2-0: Ball 3-0: Called Strike 3-1: Swinging Strike 3-2: Base on Balls
|
|
Batting: LHB Jeff Luvisi
|
0-0: Grounds into double play, 4-6-3 (Groundball, 4, EV 83.1 MPH) Muneo Kawachi to third
|
|
Batting: LHB Juan Concepcion
|
0-0: Ball 1-0: Swinging Strike 1-1: Ball 2-1: Ground out U3 (Groundball, 3, EV 99.4 MPH)
|
| Top of the 2nd over - 0 runs, 1 hit, 0 errors, 1 left on base; Oakland 0 - Los Angeles 0 |
| BOTTOM OF THE 2ND |
|
Los Angeles Dodgers batting - Pitching for Oakland Athletics : RHP Corbin Schenn
|
|
Batting: RHB Danny Dyer
|
0-0: Ball 1-0: Foul Ball, location: 2F 1-1: Ball 2-1: SINGLE (Groundball, 56D, EV 109.4 MPH)
|
|
Batting: RHB Tsutomu Irie
|
0-0: Called Strike 0-1: Called Strike 0-2: Grounds into double play, 4-6-3 (Groundball, 4, EV 82.5 MPH)
|
|
Batting: RHB John Piccolo
|
0-0: Hit by Pitch
|
|
Batting: RHB Wing-kit Bu
|
0-0: Foul Ball, location: 2F 0-1: Foul Ball, location: 2F 0-2: Ball 1-2: Ball 2-2: Ball 3-2: SINGLE (Groundball, 4M, EV 105.0 MPH) (infield hit) John Piccolo to second
|
|
Batting: SHB Benjamin Brown
|
0-0: Called Strike 0-1: Swinging Strike 0-2: Ball 1-2: TRIPLE (Flyball, 89XD, EV 98.1 MPH) John Piccolo scores Wing-kit Bu scores
|
|
Batting: RHB Clay Buchanan
|
0-0: Called Strike 0-1: Ground out 1-3 (Groundball, 13S, EV 66.9 MPH)
|
| Bottom of the 2nd over - 2 runs, 3 hits, 0 errors, 1 left on base; Oakland 0 - Los Angeles 2 |
| TOP OF THE 3RD |
|
Oakland Athletics batting - Pitching for Los Angeles Dodgers : RHP Justin Scheithauer
|
|
Batting: SHB Ryan Langlois
|
0-0: Foul Ball, location: 2F 0-1: Swinging Strike 0-2: SINGLE (Groundball, 56D, EV 96.2 MPH) (infield hit)
|
|
Batting: RHB Garry Hash
|
0-0: Called Strike Ryan Langlois steals 2nd base 0-1: Foul Ball, location: 2F 0-2: Ball 1-2: Foul Ball, location: 2F 1-2: Ball 2-2: Strikes out looking
|
|
Batting: RHB Randy Shrewsbury
|
0-0: Called Strike 0-1: Ball 1-1: Called Strike Ryan Langlois steals 3rd base 1-2: Fly out, F4 (Popup, 13S, EV 85.0 MPH)
|
|
Batting: LHB R.J. O'Brien
|
0-0: Foul Ball, location: 2F 0-1: Foul Ball, location: 2F 0-2: Foul Ball, location: 2F 0-2: Fly out, F9 (Flyball, 89M, EV 92.5 MPH)
|
| Top of the 3rd over - 0 runs, 1 hit, 0 errors, 1 left on base; Oakland 0 - Los Angeles 2 |
| BOTTOM OF THE 3RD |
|
Los Angeles Dodgers batting - Pitching for Oakland Athletics : RHP Corbin Schenn
|
|
Batting: RHB Tim Nettles
|
0-0: Ball 1-0: Called Strike 1-1: Ball 2-1: Called Strike 2-2: Strikes out looking
|
|
Batting: LHB Lirak Bazhunaishvili
|
0-0: Called Strike 0-1: Ball 1-1: Swinging Strike 1-2: Ball 2-2: Foul Ball, location: 2F 2-2: Fly out, F8 (Flyball, 8RD, EV 98.8 MPH)
|
|
Batting: LHB Chris Buchan
|
0-0: Called Strike 0-1: Ball 1-1: Called Strike 1-2: Ball 2-2: Strikes out swinging
|
| Bottom of the 3rd over - 0 runs, 0 hits, 0 errors, 0 left on base; Oakland 0 - Los Angeles 2 |
| TOP OF THE 4TH |
|
Oakland Athletics batting - Pitching for Los Angeles Dodgers : RHP Justin Scheithauer
|
|
Batting: LHB Bob Branham
|
0-0: Ball 1-0: Foul Ball, location: 2F 1-1: Swinging Strike 1-2: Foul Ball, location: 2F 1-2: Strikes out looking
|
|
Batting: RHB Muneo Kawachi
|
0-0: Ball 1-0: Fly out, F7 (Flyball, 78M, EV 90.0 MPH)
|
|
Batting: LHB Tom Butterbaugh
|
0-0: Ball 1-0: Foul Ball, location: 2F 1-1: Ball 2-1: Ball 3-1: Called Strike 3-2: Base on Balls
|
|
Batting: LHB Jeff Luvisi
|
0-0: Ball 1-0: Called Strike 1-1: Ball 2-1: Foul Ball, location: 2F 2-2: Ball 3-2: Strikes out swinging
|
| Top of the 4th over - 0 runs, 0 hits, 0 errors, 1 left on base; Oakland 0 - Los Angeles 2 |
| BOTTOM OF THE 4TH |
|
Los Angeles Dodgers batting - Pitching for Oakland Athletics : RHP Corbin Schenn
|
|
Batting: RHB Danny Dyer
|
0-0: Ball 1-0: Ball 2-0: Foul Ball, location: 2F 2-1: Foul Ball, location: 2F 2-2: Ball 3-2: Ground out 6-3 (Groundball, 6, EV 97.5 MPH)
|
|
Batting: RHB Tsutomu Irie
|
0-0: Called Strike 0-1: Ball 1-1: Foul Ball, location: 2F 1-2: Ball 2-2: Ball 3-2: Ground out 4-3 (Groundball, 4MS, EV 86.2 MPH)
|
|
Batting: RHB John Piccolo
|
0-0: Called Strike 0-1: Ball 1-1: Swinging Strike 1-2: Strikes out looking
|
| Bottom of the 4th over - 0 runs, 0 hits, 0 errors, 0 left on base; Oakland 0 - Los Angeles 2 |
| TOP OF THE 5TH |
|
Oakland Athletics batting - Pitching for Los Angeles Dodgers : RHP Justin Scheithauer
|
|
Batting: LHB Juan Concepcion
|
0-0: Called Strike 0-1: Foul Ball, location: 2F 0-2: Ball 1-2: TRIPLE (Flyball, 89XD, EV 95.6 MPH)
|
|
Batting: SHB Ryan Langlois
|
0-0: Ball 1-0: Ball 2-0: Ball 3-0: Base on Balls
|
|
Batting: RHB Garry Hash
|
0-0: Called Strike Ryan Langlois steals 2nd base (no throw) 0-1: Foul Ball, location: 2F 0-2: Ball 1-2: Ball 2-2: Foul Ball, location: 2F 2-2: Ball 3-2: Base on Balls
|
|
Batting: RHB Randy Shrewsbury
|
0-0: Ball 1-0: Called Strike 1-1: Ball 2-1: Foul Ball, location: 2F 2-2: Strikes out swinging
|
|
Batting: LHB R.J. O'Brien
|
0-0: Called Strike 0-1: Foul Ball, location: 2F 0-2: Ball 1-2: Ball 2-2: Strikes out swinging
|
|
Batting: LHB Bob Branham
|
0-0: Ball 1-0: Ball 2-0: Swinging Strike 2-1: Foul Ball, location: 2F 2-2: Ground out U3 (Groundball, 34, EV 89.4 MPH)
|
| Top of the 5th over - 0 runs, 1 hit, 0 errors, 3 left on base; Oakland 0 - Los Angeles 2 |
| BOTTOM OF THE 5TH |
|
Los Angeles Dodgers batting - Pitching for Oakland Athletics : RHP Corbin Schenn
|
|
Batting: RHB Wing-kit Bu
|
0-0: Ball 1-0: Ball 2-0: Called Strike 2-1: Called Strike 2-2: Ball 3-2: Ground out 6-3 (Groundball, 6MS, EV 70.6 MPH)
|
|
Batting: SHB Benjamin Brown
|
0-0: SINGLE (Line Drive, 9S, EV 108.8 MPH)
|
|
Batting: RHB Clay Buchanan
|
0-0: Called Strike Benjamin Brown is caught stealing 2nd base 2-4 0-1: Ball 1-1: TRIPLE (Line Drive, 89XD, EV 112.5 MPH)
|
|
Batting: RHB Tim Nettles
|
0-0: Ball 1-0: Fly out, F8 (Flyball, 8RD, EV 103.1 MPH)
|
| Bottom of the 5th over - 0 runs, 2 hits, 0 errors, 1 left on base; Oakland 0 - Los Angeles 2 |
| TOP OF THE 6TH |
|
Oakland Athletics batting - Pitching for Los Angeles Dodgers : RHP Justin Scheithauer
|
|
Batting: RHB Muneo Kawachi
|
0-0: Ball 1-0: Foul Ball, location: 2F 1-1: SINGLE (Groundball, 5S, EV 68.1 MPH) (infield hit)
|
|
Batting: LHB Tom Butterbaugh
|
0-0: Called Strike Muneo Kawachi is caught stealing 2nd base 2-6 0-1: Ball 1-1: Swinging Strike 1-2: Ball 2-2: Ball 3-2: SOLO HOME RUN (Flyball, 9LD, EV 99.4 MPH), Distance : 382 ft
|
|
Pitching: RHP Adam Bucci
|
|
|
Batting: LHB Jeff Luvisi
|
0-0: Ground out U3 (Groundball, 3, EV 107.5 MPH)
|
|
Batting: LHB Juan Concepcion
|
0-0: Foul Ball, location: 2F 0-1: DOUBLE (Line Drive, 89D, EV 108.1 MPH)
|
|
Batting: SHB Ryan Langlois
|
0-0: Ground out 4-3 (Groundball, 4, EV 86.2 MPH)
|
| Top of the 6th over - 1 run, 3 hits, 0 errors, 1 left on base; Oakland 1 - Los Angeles 2 |
| BOTTOM OF THE 6TH |
|
Los Angeles Dodgers batting - Pitching for Oakland Athletics : RHP Corbin Schenn
|
|
Batting: LHB Lirak Bazhunaishvili
|
0-0: Ball 1-0: Ground out 2-3 (Groundball, 2L, EV 61.9 MPH)
|
|
Batting: LHB Chris Buchan
|
0-0: Called Strike 0-1: Ground out 2-3 (Groundball, 2R, EV 68.8 MPH)
|
|
Batting: RHB Danny Dyer
|
0-0: Hit by Pitch
|
|
Batting: RHB Tsutomu Irie
|
0-0: Ball 1-0: SINGLE (Groundball, 6MD, EV 110.6 MPH) Danny Dyer to second
|
|
Batting: RHB John Piccolo
|
0-0: Fielders Choice at 2nd, 5-4 (Groundball, 5, EV 103.8 MPH)
|
| Bottom of the 6th over - 0 runs, 1 hit, 0 errors, 2 left on base; Oakland 1 - Los Angeles 2 |
| TOP OF THE 7TH |
|
Oakland Athletics batting - Pitching for Los Angeles Dodgers : RHP Adam Bucci
|
|
Now at 1B: John Piccolo
|
|
|
Now at 3B: Shane Marcum
|
|
|
Now in LF: Joel Baker
|
|
|
Now in RF: Wing-kit Bu
|
|
|
Batting: RHB Garry Hash
|
0-0: Ball 1-0: Ball 2-0: Foul Ball, location: 2F 2-1: Ball 3-1: SINGLE (Groundball, 56S, EV 69.4 MPH) (infield hit)
|
|
Batting: RHB Randy Shrewsbury
|
0-0: Fly out, F8 (Flyball, 8RS, EV 92.5 MPH)
|
|
Batting: LHB R.J. O'Brien
|
0-0: Called Strike Garry Hash steals 2nd base 0-1: Fly out, F8 (Line Drive, 89D, EV 93.1 MPH)
|
|
Batting: LHB Bob Branham
|
0-0: Foul Ball, location: 2F 0-1: DOUBLE (Flyball, 78XD, EV 111.2 MPH) Garry Hash scores
|
|
Batting: RHB Muneo Kawachi
|
0-0: SINGLE (Line Drive, 9S, EV 96.9 MPH) Bob Branham to third Runner from 3rd tries for Home, SAFE, throw by RF to home
|
|
Batting: LHB Tom Butterbaugh
|
0-0: Called Strike 0-1: Swinging Strike 0-2: Ground out 5-3 (Groundball, 25, EV 86.9 MPH)
|
| Top of the 7th over - 2 runs, 3 hits, 0 errors, 1 left on base; Oakland 3 - Los Angeles 2 |
| BOTTOM OF THE 7TH |
|
Los Angeles Dodgers batting - Pitching for Oakland Athletics : RHP Corbin Schenn
|
|
Batting: RHB Wing-kit Bu
|
0-0: Ball 1-0: Ball 2-0: Called Strike 2-1: Called Strike 2-2: Fly out, F7 (Line Drive, 7, EV 88.8 MPH)
|
|
Batting: SHB Benjamin Brown
|
0-0: Called Strike 0-1: Swinging Strike 0-2: Ball 1-2: Strikes out looking
|
|
Batting: RHB Clay Buchanan
|
0-0: Ball 1-0: Ball 2-0: Ball 3-0: Foul Ball, location: 2F 3-1: Base on Balls
|
|
Pitching: RHP Germano Nunes
|
|
|
Batting: RHB Tim Nettles
|
0-0: Ground out 4-3 (Groundball, 4, EV 87.5 MPH)
|
| Bottom of the 7th over - 0 runs, 0 hits, 0 errors, 1 left on base; Oakland 3 - Los Angeles 2 |
| TOP OF THE 8TH |
|
Oakland Athletics batting - Pitching for Los Angeles Dodgers : RHP Adam Bucci
|
|
Pitching: RHP Santiago Montero
|
|
|
Batting: LHB Jeff Luvisi
|
0-0: Ball 1-0: Foul Ball, location: 2F 1-1: Ball 2-1: Ball 3-1: Foul Ball, location: 2F 3-2: Foul Ball, location: 2F 3-2: Strikes out looking
|
|
Batting: LHB Juan Concepcion
|
0-0: Swinging Strike 0-1: Ball 1-1: Swinging Strike 1-2: Strikes out swinging
|
|
Batting: SHB Ryan Langlois
|
0-0: Ball 1-0: Swinging Strike 1-1: Foul Ball, location: 2F 1-2: Foul Ball, location: 2F 1-2: Strikes out swinging
|
| Top of the 8th over - 0 runs, 0 hits, 0 errors, 0 left on base; Oakland 3 - Los Angeles 2 |
| BOTTOM OF THE 8TH |
|
Los Angeles Dodgers batting - Pitching for Oakland Athletics : RHP Germano Nunes
|
|
Now in RF: Nick Gentzel
|
|
|
Batting: SHB Shane Marcum
|
0-0: Called Strike 0-1: Hit by Pitch
|
|
Batting: SHB Joel Baker
|
0-0: Ball 1-0: Foul Ball, location: 2F 1-1: Foul Ball, location: 2F 1-2: Strikes out looking
|
|
Batting: RHB Danny Dyer
|
0-0: Ball 1-0: SINGLE (Groundball, 13S, EV 65.0 MPH) (infield hit) Shane Marcum to second
|
|
Batting: RHB Tsutomu Irie
|
0-0: Ball 1-0: Foul Ball, location: 2F 1-1: Called Strike 1-2: Foul Ball, location: 2F 1-2: Ball 2-2: Ball 3-2: DOUBLE (Line Drive, 8LXD, EV 101.2 MPH) Shane Marcum scores Danny Dyer to third
|
|
Batting: RHB John Piccolo
|
0-0: Fly out, F8 (Line Drive, 8RM, EV 93.8 MPH)
|
|
Batting: RHB Wing-kit Bu
|
0-0: Ball 1-0: DOUBLE (Line Drive, 78XD, EV 101.9 MPH) Danny Dyer scores Tsutomu Irie scores
|
|
Batting: SHB Benjamin Brown
|
0-0: Called Strike 0-1: Ball 1-1: Called Strike 1-2: Strikes out swinging
|
| Bottom of the 8th over - 3 runs, 3 hits, 0 errors, 1 left on base; Oakland 3 - Los Angeles 5 |
| TOP OF THE 9TH |
|
Oakland Athletics batting - Pitching for Los Angeles Dodgers : RHP Santiago Montero
|
|
Pitching: RHP Geoff Mooney
|
|
|
Batting: RHB Garry Hash
|
0-0: Called Strike 0-1: Foul Ball, location: 2F 0-2: Strikes out swinging
|
|
Batting: RHB Randy Shrewsbury
|
0-0: Called Strike 0-1: Ball 1-1: Ball 2-1: Ball 3-1: Base on Balls
|
|
Batting: LHB R.J. O'Brien
|
0-0: Called Strike 0-1: SINGLE (Flyball, 3D, EV 97.5 MPH) Randy Shrewsbury to second
|
|
Batting: LHB Bob Branham
|
0-0: SINGLE (Flyball, 8LS, EV 93.1 MPH) Randy Shrewsbury to third R.J. O'Brien to second
|
|
Batting: RHB Muneo Kawachi
|
0-0: Ball 1-0: DOUBLE (Line Drive, 89XD, EV 100.0 MPH) Randy Shrewsbury scores R.J. O'Brien scores Bob Branham to third
|
|
Batting: LHB Tom Butterbaugh
|
0-0: Intentional Walk
|
|
Batting: RHB Nick Gentzel
|
0-0: Ball 1-0: Called Strike 1-1: Ball 2-1: Fly out, F7 (Flyball, 7D, EV 91.2 MPH)
|
|
Batting: LHB Juan Concepcion
|
0-0: Called Strike 0-1: Swinging Strike 0-2: Ball 1-2: Ground out 1-3 (Groundball, 13, EV 65.0 MPH)
|
| Top of the 9th over - 2 runs, 3 hits, 0 errors, 3 left on base; Oakland 5 - Los Angeles 5 |
| BOTTOM OF THE 9TH |
|
Los Angeles Dodgers batting - Pitching for Oakland Athletics : RHP Germano Nunes
|
|
Pitching: RHP Hunter Vanderhyden
|
|
|
Batting: RHB Clay Buchanan
|
0-0: Foul Ball, location: 2F 0-1: Ball 1-1: Foul Ball, location: 2F 1-2: Foul Ball, location: 2F 1-2: Ball 2-2: SINGLE (Groundball, 23, EV 69.4 MPH) (infield hit)
|
|
Batting: RHB Tim Nettles
|
0-0: Ball Clay Buchanan steals 2nd base 1-0: Ball 2-0: Ball 3-0: Called Strike 3-1: Base on Balls
|
|
Batting: SHB Shane Marcum
|
0-0: Called Strike 0-1: Ball 1-1: Fielders Choice at 2nd, 6-4 (Groundball, 6, EV 83.1 MPH) Clay Buchanan to third
|
|
Batting: SHB Joel Baker
|
0-0: Called Strike 0-1: Swinging Strike 0-2: Strikes out swinging
|
|
Batting: RHB Danny Dyer
|
0-0: Ball 1-0: Ball 2-0: Called Strike 2-1: Swinging Strike 2-2: Strikes out looking
|
| Bottom of the 9th over - 0 runs, 1 hit, 0 errors, 2 left on base; Oakland 5 - Los Angeles 5 |
| TOP OF THE 10TH |
|
Oakland Athletics batting - Pitching for Los Angeles Dodgers : RHP Geoff Mooney
|
|
Pitching: LHP J.P. Blair
|
|
|
Pinch Hitting: RHB Jason May
|
0-0: Ball 1-0: Foul Ball, location: 2F 1-1: Ball 2-1: Called Strike 2-2: Ball 3-2: Base on Balls
|
|
Batting: RHB Garry Hash
|
0-0: Sac Bunt to 15S - play at first, batter OUT! 1-3 Jason May to second
|
|
Batting: RHB Randy Shrewsbury
|
0-0: Intentional Walk
|
|
Batting: LHB R.J. O'Brien
|
0-0: Ball 1-0: Called Strike 1-1: Foul Ball, location: 2F 1-2: Ball 2-2: SINGLE (Flyball, 78S, EV 84.4 MPH) Jason May to third Randy Shrewsbury to second Runner from 3rd tries for Home, SAFE, throw by CF to home
|
|
Batting: LHB Bob Branham
|
0-0: Called Strike 0-1: Ball 1-1: Foul Ball, location: 2F 1-2: Strikes out swinging
|
|
Batting: RHB Muneo Kawachi
|
0-0: Called Strike 0-1: 3-RUN HOME RUN (Flyball, 78XD, EV 100.0 MPH), Distance : 406 ft
|
|
Pitching: RHP Chris Geraci
|
|
|
Batting: LHB Tom Butterbaugh
|
0-0: Ball 1-0: Ball 2-0: Ball 3-0: Called Strike 3-1: Swinging Strike 3-2: Base on Balls
|
|
Batting: RHB Nick Gentzel
|
0-0: Ball 1-0: Called Strike 1-1: Ball 2-1: SINGLE (Groundball, 56D, EV 101.9 MPH) Tom Butterbaugh to second
|
|
Batting: LHB Juan Concepcion
|
0-0: Ball 1-0: Ball 2-0: Ball 3-0: Base on Balls Tom Butterbaugh to third Nick Gentzel to second
|
|
Batting: RHB Jason May
|
0-0: Ball 1-0: Ground out 4-3 (Groundball, 4, EV 108.8 MPH)
|
| Top of the 10th over - 4 runs, 3 hits, 0 errors, 3 left on base; Oakland 9 - Los Angeles 5 |
| BOTTOM OF THE 10TH |
|
Los Angeles Dodgers batting - Pitching for Oakland Athletics : RHP Hunter Vanderhyden
|
|
Now at SS: Robby Juarez
|
|
|
Batting: RHB Tsutomu Irie
|
0-0: Ball 1-0: Foul Ball, location: 2F 1-1: SOLO HOME RUN (Flyball, 9D, EV 108.1 MPH), Distance : 404 ft
|
|
Pitching: RHP Charlie Shook
|
|
|
Batting: RHB John Piccolo
|
0-0: Ball 1-0: SINGLE (Line Drive, 7S, EV 103.1 MPH)
|
|
Batting: RHB Wing-kit Bu
|
0-0: Foul Ball, location: 2F 0-1: Swinging Strike 0-2: Strikes out looking
|
|
Batting: SHB Benjamin Brown
|
0-0: Called Strike 0-1: Ball 1-1: Foul Ball, location: 2F 1-2: Ball 2-2: Ball 3-2: Foul Ball, location: 2F 3-2: Foul Ball, location: 2F 3-2: Strikes out swinging
|
|
Batting: RHB Clay Buchanan
|
0-0: Called Strike 0-1: Ball 1-1: Foul Ball, location: 2F 1-2: SINGLE (Line Drive, 56D, EV 95.0 MPH) John Piccolo to second
|
|
Batting: RHB Tim Nettles
|
0-0: Ball 1-0: Foul Ball, location: 2F 1-1: Ball 2-1: Foul Ball, location: 2F 2-2: SINGLE (Groundball, 6MD, EV 101.2 MPH) John Piccolo to third Clay Buchanan to second
|
|
Batting: SHB Shane Marcum
|
0-0: Swinging Strike 0-1: Ground out 4-3 (Groundball, 4, EV 84.4 MPH)
|
| Bottom of the 10th over - 1 run, 4 hits, 0 errors, 3 left on base; Oakland 9 - Los Angeles 6 |
|